 Dungeon Crawl Stone Soup version 0.29.1-15-g9cfb28693d (webtiles) character file.

Game seed: 733529538471324817

4629 croobank the Tainter (level 10, -12/66 HPs)
             Began as an Octopode Transmuter on Apr 24, 2023.
             Was a Priest of Jiyva.
             Mangled by a cyclops (31 damage)
             ... on level 8 of the Dungeon.
             The game lasted 00:34:04 (6185 turns).

croobank the Tainter (Octopode Transmuter)          Turns: 6185, Time: 00:34:04

Health: -12/66     AC:  3    Str: 11    XL:     10   Next: 42%
Magic:  17/17      EV: 15    Int: 19    God:    Jiyva [***...]
Gold:   217        SH:  8    Dex: 12    Spells: 10/19 levels left

rFire   . . .      SeeInvis .     - Unarmed
rCold   . . .      Faith    .   h - orb {*Rage}
rNeg    + . .      Spirit   .   (helmet restricted)
rPois   .          Reflect  .   (no amulet)
rElec   .          Harm     .   i - ring of wizardry
rCorr   +          Rampage  .   e - ring of positive energy
Will    .....      Rage     20% v - ring of wizardry
Stlth   ++........              (no ring)
HPRegen 3.73/turn               (no ring)
MPRegen 0.50/turn               (no ring)
                                (no ring)
                                (no ring)

@: on berserk cooldown, calling ooze, hasted and slowed
A: almost no armour, amphibious, 8 rings, camouflage 1, gelatinous body 1,
(nimble swimmer 1), tentacles, iridescent scales 1, large bone plates 3,
regeneration 3, engulf
a: Renounce Religion, Oozemancy


You were on level 8 of the Dungeon.
You worshipped Jiyva.
Jiyva was most pleased with you.
You visited 1 branch of the dungeon, and saw 8 of its levels.

You collected 269 gold pieces.
You spent 52 gold pieces at shops.

Inventory:

Hand Weapons
 d - a +0 short sword
 m - a +2 whip of holy wrath
 x - a +1 dagger of venom
 y - a +0 broad axe
 D - a +3 dire flail
 E - a +2 war axe
 F - a +2 scimitar of flaming
Missiles
 l - 16 poisoned darts (quivered)
Armour
 h - an orb of wrath (worn)
Magical Staves
 t - a staff of poison
Jewellery
 e - a ring of positive energy (right tentacle)
 i - a ring of wizardry (left tentacle)
 v - a ring of wizardry (on tentacle)
Wands
 g - a wand of charming (13)
 w - a wand of flame (21)
 A - a wand of polymorph (8)
Scrolls
 b - a scroll of poison
 j - a scroll of amnesia {unknown}
 k - a scroll of fog {unknown}
 n - 2 scrolls of enchant armour {unknown}
 o - 2 scrolls of identify
 u - a scroll of noise {unknown}
 B - a scroll of teleportation {unknown}
 C - a scroll of vulnerability {unknown}
Potions
 a - 2 potions of lignification
 f - a potion of might
 p - 2 potions of brilliance
 q - 2 potions of curing
 r - a potion of attraction
 s - 2 potions of berserk rage


   Skills:
 + Level 5.2 Fighting
 + Level 5.7 Dodging
 + Level 6.2 Unarmed Combat
 + Level 5.3 Spellcasting
 + Level 5.7 Transmutations
 + Level 5.5 Air Magic
 * Level 8.0 Poison Magic


You had 10 spell levels left.
You knew the following spells:

 Your Spells              Type           Power      Damage    Failure   Level
a - Beastly Appendage     Tmut           52%        N/A       1%          1
b - Wereblood             Tmut           26%        N/A       1%          2
c - Poisonous Vapours     Pois/Air       60%        N/A       1%          2
d - Olgreb's Toxic Radia  Pois           35%        N/A       1%          4

Your spell library contained the following spells:

 Spells                   Type           Power      Damage    Failure   Level
 Sting                    Tmut/Pois      100%       1d8       1%          1
 Passwall                 Tmut/Erth      12%        N/A       1%          2
 Ignite Poison            Fire/Tmut/Pois 22%        N/A       1%          3
 Spider Form              Tmut/Pois      31%        N/A       1%          3
 Swiftness                Air            26%        N/A       1%          3
 Apportation              Tloc           10%        N/A       3%          1
 Ensorcelled Hibernation  Hex/Ice        10%        N/A       5%          2
 Alistair's Intoxication  Tmut/Pois      20%        N/A       5%          5
 Conjure Flame            Conj/Fire      5%         6-21      11%         3
 Ice Form                 Ice/Tmut       15%        N/A       11%         4
 Sticky Flame             Conj/Fire      5%         2d3       30%         4


Dungeon Overview and Level Annotations

Branches:
Dungeon (8/15)             Temple (0/1) D:7
   Lair: D:8-11

Altars:
Gozag
Yredelemnul
Jiyva

Shops:
D:3 ?

Annotations:
D:6 1 runed translucent door, Buffagor's ghost, novice MiFi


Innate Abilities, Weirdness & Mutations

You cannot wear most types of armour.
You are amphibious.
You can wear up to eight rings at the same time.
Your skin changes colour to match your surroundings (Stealth+).
Your rubbery body absorbs attacks. (AC +1, EV +1)
((You are camouflaged when in or above water. (Stealth+)))
You have tentacles for arms and can constrict up to eight enemies at once.
You are partially covered in iridescent scales. (AC +2)
You are completely covered in large bone plates. (SH +8)
You regenerate.
Your melee attacks may engulf your foes in ooze.


Message History

You constrict the deep elf pyromancer.
The deep elf pyromancer is asphyxiated!
The walls burn the deep elf pyromancer!
The deep elf pyromancer misses you.
You tentacle-slap the deep elf pyromancer.
The deep elf pyromancer is almost dead.
You constrict the deep elf pyromancer, but do no damage.
You bludgeon the deep elf pyromancer!
You kill the deep elf pyromancer!
A cyclops opens the door.
Your Poison Magic skill increases to level 8!
The cyclops shouts!
You see here 5 large rocks.
You feel a strong urge to attack something.
There is an open door here.
You start waiting.
You are no longer berserk.
You are exhausted.
You feel yourself slow down.
You start waiting.
You stop calling forth ooze.
You start waiting.
A cyclops is nearby!
Casting: Poisonous Vapours (safe; 1% risk of failure)
Confirm with . or Enter, or press ? or * to list all spells.
Okay, then.
Activating: Oozemancy (19% risk of failure)
Press: ? - help, Dir - look around, f - activate Slime begins to ooze from the nearby walls!
The walls burn the cyclops!
The cyclops hits you!!
You tentacle-slap the cyclops.
You squeeze the cyclops, but do no damage.
The cyclops is lightly wounded.
The walls burn the cyclops!
The cyclops hits you!!
* * * LOW HITPOINT WARNING * * *
You feel much better.
The walls burn the cyclops!
The cyclops hits you!!
* * * LOW HITPOINT WARNING * * *
Okay, then.
Okay, then.
Okay, then.
You feel yourself speed up.
The walls burn the cyclops!
The cyclops hits you!!
You die...

..>......#
#...#
.......###
######'##
.......#
#...#...#
#......#
+...'.).#
##.....#
#...#...#
#######
######'##
#).)#...#
#...#...#
?#@..#
##+###C##
...#...#(..#
..C'..)'...#
...#...#...#
#########


You could see a cyclops.

Vanquished Creatures
  Erica (D:8)
  A tengu warrior (D:8)
  A deep elf pyromancer (D:8)
  2 cyclopes (D:8)
  A hornet (shapeshifter) (D:8)
  A hornet (D:7)
  A steam dragon (D:6)
  An acid dragon (D:7)
  A water moccasin (D:5)
  An ice beast (D:5)
  A sky beast (D:7)
  A centaur (D:6)
  2 phantoms
  2 kobold brigands
  A bullfrog (D:7)
  A necrophage (D:7)
  4 scorpions
  4 wights (D:8)
  3 killer bees (D:8)
  A howler monkey (D:6)
  A vampire bat (D:5)
  An electric eel (D:6)
  4 hounds
  2 orc priests
  4 iguanas
  An orc wizard (D:5)
  3 gnolls (D:8)
  11 adders
  A shadow imp (D:6)
  An ufetubus (D:7)
  10 dart slugs
  3 worms
  11 orcs
  17 bats
  5 endoplasms
  2 giant cockroaches
  2 goblins (D:2)
  7 hobgoblins
  3 jackals (D:1)
  14 kobolds
  5 quokkas
  7 ball pythons
  4 frilled lizards
  8 rats
158 creatures vanquished.

Vanquished Creatures (collateral kills)
  A dart slug (D:6)
1 creature vanquished.

Vanquished Creatures (others)
  A wyvern (D:6)
  A phantom (D:5)
  A scorpion (D:7)
  A killer bee (D:8)
  9 jellies
  2 iguanas (D:6)
  An orc wizard (D:7)
  An ufetubus (D:5)
  A dart slug (D:6)
  3 orcs (D:7)
  A ball python (D:3)
  2 endoplasms (D:4)
  A hobgoblin (D:3)
  A quokka (D:4)
  11 kobolds
  7 fungi (D:4)
  10 plants
  9 toadstools (D:4)
  4 withered plants (D:1)
67 creatures vanquished.

Grand Total: 226 creatures vanquished

Notes
Turn   | Place    | Note
-------+----------+-------------------------------------------
     0 | D:1      | croobank the Octopode Transmuter began the quest for the
                  | Orb.
     0 | D:1      | Reached XP level 1. HP: 13/13 MP: 3/3
   418 | D:1      | Reached XP level 2. HP: 18/18 MP: 5/5
   424 | D:1      | Learned a level 2 spell: Wereblood
   487 | D:1      | Found a faded altar of an unknown god.
   970 | D:1      | Reached XP level 3. HP: 23/23 MP: 2/6
  1644 | D:2      | Reached XP level 4. HP: 29/29 MP: 4/7
  2404 | D:1      | Prayed at the altar of an unknown god.
  2404 | D:1      | Became a worshipper of Jiyva Juptatit the Shapeless
  2404 | D:1      | Reached * piety under Jiyva
  2466 | D:2      | Learned a level 2 spell: Poisonous Vapours
  2696 | D:3      | Found Sitrosiv's Magic Scroll Boutique.
  2705 | D:3      | Bought a scroll of identify for 26 gold pieces
  2705 | D:3      | Bought a scroll of identify for 26 gold pieces
  2818 | D:3      | Reached ** piety under Jiyva
  3240 | D:4      | Reached XP level 5. HP: 26/34 MP: 9/9
  3253 | D:4      | Reached skill level 1 in Air Magic
  3368 | D:4      | Noticed a phantom
  3383 | D:4      | Killed a phantom
  3384 | D:4      | Reached skill level 1 in Poison Magic
  3384 | D:4      | Reached XP level 6. HP: 40/40 MP: 10/10
  3404 | D:4      | Reached *** piety under Jiyva
  3550 | D:4      | Identified the +4 ring mail of Noon {rN+ Regen+ Str+3}
  3628 | D:4      | Found a basalt altar of Yredelemnul.
  3629 | D:4      | Found an opulent altar of Gozag.
  3723 | D:5      | Entered Level 5 of the Dungeon
  3772 | D:5      | Noticed an ice beast
  3805 | D:5      | Killed an ice beast
  3806 | D:5      | Reached skill level 2 in Poison Magic
  3806 | D:5      | Reached XP level 7. HP: 38/45 MP: 11/11
  3945 | D:5      | Lost mutation: One of your tentacles bears a large vicious
                  | spike. [Jiyva's grace]
  3945 | D:5      | Gained mutation: Your natural rate of healing is unusually
                  | fast. [Jiyva's grace]
  3945 | D:5      | Gained mutation: You heal very quickly. [Jiyva's grace]
  3945 | D:5      | Gained mutation: You regenerate. [Jiyva's grace]
  3945 | D:5      | Gained mutation: You are partially covered in iridescent
                  | scales. (AC +2) [Jiyva's grace]
  4113 | D:5      | Learned a level 4 spell: Olgreb's Toxic Radiance
  4208 | D:5      | Reached XP level 8. HP: 52/52 MP: 13/13
  4284 | D:5      | Reached **** piety under Jiyva
  4460 | D:6      | Found a runed translucent door.
  4465 | D:6      | Noticed a wyvern
  4476 | D:6      | Reached skill level 3 in Poison Magic
  4485 | D:6      | Noticed Buffagor's ghost (novice MiFi)
  4491 | D:6      | HP: 3/78 [steam dragon (6)]
  4574 | D:6      | Reached skill level 4 in Poison Magic
  4903 | D:7      | Noticed a hornet
  4908 | D:7      | Killed a hornet
  4909 | D:7      | Reached skill level 5 in Unarmed Combat
  4909 | D:7      | Reached skill level 5 in Poison Magic
  4909 | D:7      | Reached XP level 9. HP: 51/58 MP: 13/15
  5410 | D:7      | Found a staircase to the Ecumenical Temple.
  5666 | D:8      | Identified the +1 robe of Free Expression {rF+ Str+5 Int-2}
  5740 | D:8      | Reached ***** piety under Jiyva
  5773 | D:8      | Noticed a two-headed ogre
  5784 | D:8      | Slimified a two-headed ogre
  5784 | D:8      | Noticed an azure jelly
  5784 | D:8      | a two-headed ogre changed into an azure jelly
  5813 | D:8      | Noticed a cyclops
  5865 | D:8      | Killed a cyclops
  5866 | D:8      | Reached skill level 5 in Transmutations
  5866 | D:8      | Reached skill level 6 in Poison Magic
  5904 | D:8      | Reached skill level 5 in Dodging
  5975 | D:8      | Gained mutation: Your melee attacks may engulf your foes in
                  | ooze. [Jiyva's grace]
  5975 | D:8      | Gained mutation: You are partially covered in large bone
                  | plates. (SH +4) [Jiyva's grace]
  5975 | D:8      | Gained mutation: You are mostly covered in large bone
                  | plates. (SH +6) [Jiyva's grace]
  5975 | D:8      | Gained mutation: You are completely covered in large bone
                  | plates. (SH +8) [Jiyva's grace]
  5980 | D:8      | Noticed Erica
  5988 | D:8      | Killed Erica
  5989 | D:8      | Reached skill level 5 in Air Magic
  6119 | D:8      | Noticed a hornet
  6122 | D:8      | Killed a hornet
  6123 | D:8      | Reached skill level 7 in Poison Magic
  6138 | D:8      | Noticed a tengu warrior
  6148 | D:8      | Killed a tengu warrior
  6149 | D:8      | Reached skill level 5 in Fighting
  6149 | D:8      | Reached skill level 5 in Spellcasting
  6149 | D:8      | Reached XP level 10. HP: 66/66 MP: 14/17
  6157 | D:8      | Noticed a manticore
  6157 | D:8      | Noticed a cyclops
  6167 | D:8      | Killed a cyclops
  6168 | D:8      | Noticed a deep elf pyromancer
  6172 | D:8      | Killed a deep elf pyromancer
  6173 | D:8      | Reached skill level 8 in Poison Magic
  6173 | D:8      | Noticed a cyclops
  6185 | D:8      | Mangled by a cyclops

Illustrated notes

Levels and vault maps discovered:
D:1:      scummos_arrival_star, layout_basic,
          shapermc_ecumenical_altar_flowoftime, chequers_jeans
D:2:      minmay_angry_zag, layout_basic, minmay_misc_feat_enclosed
D:3:      layout_basic, serial_shops, shop
D:4:      cheibrodos_fertilizer, layout_cave_pools,
          gammafunk_temple_overflow_pools, serial_forest,
          infiniplex_forest_diagonal, infiniplex_forest_straight_4,
          infiniplex_forest_clump_medium, infiniplex_forest_end_3,
          infiniplex_forest_clump_tiny
D:5:      wad_crossroads, layout_basic, st_stairs_13, roderic_batcave
D:6:      kennysheep_slugbush, layout_rooms, ebering_ghost_sewer_d,
          corexii_shack
D:7:      layout_gridville, minmay_temple_entry_nine_rooms
D:8:      layout_rooms, minmay_evil_grid, uniq_erica

Skill      XL: |  1  2  3  4  5  6  7  8  9 10 |
---------------+-------------------------------+-----
Fighting       | 2 3 4 5 |  5.2
Air Magic      | 1 2 3 4 5 |  5.5
Dodging        | 3 4 5 |  5.7
Poison Magic   | 1 2 5 7 8 |  8.0
Transmutations | 3 4 5 |  5.7
Spellcasting   | 3 4 5 |  5.3
Unarmed Combat | 4 5 6 |  6.2

Action                   |  1- 3 |  4- 6 |  7- 9 | 10-12 || total
-------------------------+-------+-------+-------+-------++-------
Melee: Unarmed           |    83 |   116 |    43 |     8 ||   250
       Constrict         |    28 |    30 |    45 |     1 ||   104
       Kick              |    18 |    23 |    55 |       ||    96
       Tentacles         |     8 |    34 |    40 |     5 ||    87
       Punch             |     2 |     4 |    11 |       ||    17
       Staff             |       |       |   146 |     1 ||   147
Throw: Dart              |       |       |     3 |       ||     3
 Cast: Beastly Appendage |    27 |    21 |    29 |       ||    77
       Wereblood         |    18 |    21 |    27 |       ||    66
       Poisonous Vapours |       |       |     9 |       ||     9
       Olgreb's Toxic Ra |       |       |     4 |       ||     4
Invok: Oozemancy         |       |       |     3 |     2 ||     5
       Slimify           |       |       |     1 |       ||     1
Evoke: Wand              |       |       |     7 |       ||     7
  Use: Scroll            |       |     4 |     5 |       ||     9
       Potion            |       |     3 |     2 |     2 ||     7
 Stab: Sleeping          |     8 |     7 |       |       ||    15
Armor: Skin              |    16 |     4 |    45 |       ||    65
Dodge: Dodged            |    72 |    46 |   164 |     5 ||   287
Block: Orb               |       |       |     3 |       ||     3
